 Dungeon Crawl Stone Soup version 0.32-a0-898-g7811c86cf0 (webtiles) character file.

Game seed: 5515384400731244032

17667 BubbleThief the Brawler (level 12, -15/130 HPs)
             Began as a Troll Fighter on Apr 4, 2024.
             Was an Elder of Wu Jian.
             Demolished by a tentacled starspawn (30 damage)
             ... on level 2 of the Abyss.
             The game lasted 00:16:56 (9013 turns).

BubbleThief the Brawler (Troll Fighter)             Turns: 9013, Time: 00:16:57

Health: -15/130    AC:  7    Str: 27    XL:     12   Next: 20%
Magic:  11/11      EV:  8    Int:  4    God:    Wu Jian [****..]
Gold:   812        SH:  8    Dex: 13    Spells: 11/11 levels left

rFire   . .          .
                       - Unarmed
rCold   . . .        b - +0 kite shield
rNeg    . . .        J - +1 troll leather armour
rPois   .            (helmet restricted)
rElec   .            r - +0 cloak
rCorr   .            (gloves unavailable)
SInv    .            (boots unavailable)
Will    .....        (no amulet)
Stlth   +            C - +5 ring of evasion
HPRegen 2.01/turn    l - +5 ring of evasion
MPRegen 0.12/turn

%: no passive effects
@: constricted, studying Ice Magic
A: large, unfitting armour, claws 3, regeneration 1, shaggy fur 1, tough skin 1
a: Renounce Religion, Wall Jump, Serpent's Lash


You were on level 2 of the Abyss.
You worshipped Wu Jian.
Wu Jian was greatly pleased with you.
You visited 2 branches of the dungeon, and saw 12 of its levels.
You visited the Abyss 1 time.

You collected 812 gold pieces.

Inventory:

Missiles
 z - 7 curare-tipped darts
 G - 18 large rocks (quivered)
Armour
 b - a +0 kite shield (worn)
 k - a +1 robe of cold resistance
 p - a +1 robe of fire resistance
 r - a +0 cloak (worn)
 J - a +1 troll leather armour (worn)
Jewellery
 e - a ring of ice
 j - a ring of resist corrosion
 l - a +5 ring of evasion (right claw)
 C - a +5 ring of evasion (left claw)
Wands
 c - a wand of mindburst (20)
 q - a wand of polymorph (15)
 v - a wand of warping (22)
 y - a wand of flame (55)
 B - a wand of charming (19)
Scrolls
 d - a scroll of identify
 h - 2 scrolls of enchant armour
 m - a scroll of noise {unknown}
 n - 2 scrolls of torment {unknown}
 s - a scroll of fear {unknown}
 w - a scroll of revelation {unknown}
 x - 2 scrolls of silence {unknown}
 A - 5 scrolls of teleportation
 H - a scroll of blinking
 I - a scroll of poison
 K - 2 scrolls of fog
Potions
 a - 3 potions of enlightenment
 f - 4 potions of mutation
 g - 5 potions of heal wounds
 i - 3 potions of brilliance
 t - 5 potions of curing
 u - 3 potions of invisibility
 E - 2 potions of attraction
 F - a potion of cancellation


   Skills:
 + Level 11.5 Fighting
 - Level 2.4 Dodging
 - Level 2.6 Shields
 + Level 15.2 Unarmed Combat


You had 11 spell levels left.
You didn't know any spells.
Your spell library contained the following spells:

 Spells                   Type           Power      Damage    Failure   Level
 Magic Dart               Conj           0%         1d3       80%         1
 Ensorcelled Hibernation  Hex/Ice        0%         N/A       90%         2
 Searing Ray              Conj           0%         2d4       90%         2
 Fugue of the Fallen      Necr           0%         N/A       99%         3
 Hailstorm                Conj/Ice       0%         3d5       99%         3
 Inner Flame              Hex/Fire       0%         N/A       99%         3
 Passwall                 Erth           0%         N/A       99%         3
 Sigil of Binding         Hex            0%         N/A       99%         3
 Stone Arrow              Conj/Erth      0%         3d7       99%         3
 Summon Ice Beast         Ice/Summ       0%         N/A       99%         3
 Swiftness                Air            0%         N/A       99%         3
 Teleport Other           Tloc           0%         N/A       99%         3
 Anguish                  Hex/Necr       0%         N/A       100%        4
 Animate Armour           Summ/Erth      0%         N/A       100%        4
 Brom's Barrelling Bould  Conj/Erth      0%         2d3       100%        4
 Fulminant Prism          Conj/Alch      0%         3d5       100%        4
 Fireball                 Conj/Fire      0%         3d3       100%        5
 Irradiate                Conj/Alch      0%         3d11      100%        5
 Iskenderun's Battlesphe  Conj           0%         2d6       100%        5
 Conjure Ball Lightning   Conj/Air       0%         3x3d6     100%        6
 Death Channel            Necr           0%         N/A       100%        6
 Dispersal                Tloc           0%         N/A       100%        6
 Gell's Gavotte           Tloc           0%         2d(11-16) 100%        6
 Permafrost Eruption      Ice/Erth       0%         2x4d1     100%        6
 Sculpt Simulacrum        Ice/Alch       0%         N/A       100%        6
 Orb of Destruction       Conj           0%         9d5       100%        7
 Ignition                 Fire           0%         3d3       100%        8
 Lehudib's Crystal Spear  Conj/Erth      0%         10d2      100%        8


Dungeon Overview and Level Annotations

Branches:
Dungeon (11/15)            Temple (0/1) D:6            Lair (1/5) D:11
    Orc (0/2) D:11

Altars:
Ashenzari
Sif Muna
Wu Jian
Xom
Zin

Annotations:
D:5 2 runed translucent doors
D:7 3 runed translucent doors, lyndar's ghost, novice FoFi
Lair:1 1 transporter, Sonja


Innate Abilities, Weirdness & Mutations

You are too large for most types of armour.
You have claws for hands.
Your natural rate of healing is unusually fast.
You are covered in fur. (AC +1)
You have tough skin. (AC +1)


Message History

Unknown command.
You claw the tentacled starspawn!
The tentacled starspawn is lightly damaged.
The starspawn tentacle constricts you. The tentacled starspawn bites you!!
The tentacled starspawn tentacle-slaps you!
Unknown command.
You mangle the tentacled starspawn!!
The tentacled starspawn is heavily damaged.
The starspawn tentacle constricts you. The tentacled starspawn bites you!
The tentacled starspawn tentacle-slaps you.
Unknown command.
You claw the tentacled starspawn!
The tentacled starspawn is severely damaged.
Unknown command.
You claw the tentacled starspawn!
The tentacled starspawn is severely damaged.
The tentacled starspawn closely misses you.
You block the tentacled starspawn's attack.
The starspawn tentacle constricts you.
Unknown command.
You claw the tentacled starspawn!
The tentacled starspawn is almost destroyed.
The tentacled starspawn bites you!!
The tentacled starspawn tentacle-slaps you but does no damage.
The starspawn tentacle constricts you.
* * * LOW HITPOINT WARNING * * *
Unknown command.
You barely miss the tentacled starspawn.
The tentacled starspawn is almost destroyed.
The starspawn tentacle constricts you.
* * * LOW HITPOINT WARNING * * *
The tentacled starspawn bites you.
* * * LOW HITPOINT WARNING * * *
The tentacled starspawn tentacle-slaps you!!
* * * LOW HITPOINT WARNING * * *
You barely miss the tentacled starspawn.
The tentacled starspawn is almost destroyed.
A large abomination comes into view.
The tentacled starspawn bites you!!
You die...

.. ..### ##.#
..#.##. #...##
...... ....#
....... .#.#
....... #####
#w.##.......
......#Xw#.......#
#.@.........
#....##......
#.......#.......
#..#.#..##......
... .#.... . . ...
X.....#.#.#.###.#.
##........## ##
.... .....


You could see a tentacled starspawn, a large abomination (wandering) and 2
starspawn tentacles.

Vanquished Creatures
  Fannar (D:11)
  5 two-headed ogres
  A boulder beetle (D:9)
  2 starcursed masses (Abyss:2)
  4 cyclopes
  A meliai (D:9)
  Maurice (D:7)
  A gargoyle (D:11)
  2 unseen horrors (D:11)
  2 kobold demonologists (D:11)
  A komodo dragon (D:11)
  3 trolls (D:11)
  A vampire (D:11)
  3 shadows (D:10)
  4 yaks
  4 wyverns
  A wraith (D:11)
  Sigmund (D:2)
  Menkaure (D:7)
  Edmund (D:4)
  An acid dragon (D:8)
  Duvessa (D:4)
  5 water moccasins
  6 orc warriors
  5 black bears
  4 ice beasts
  2 ogres
  2 small abominations (Abyss:2)
  5 centaurs
  A phantom (D:6)
  4 kobold brigands
  7 bullfrogs
  9 scorpions
  A gnoll sergeant (D:9)
  5 wights
  Dowan (D:4)
  11 killer bees
  3 howler monkeys
  A bombardier beetle (D:3)
  2 hounds
  A jelly (D:5)
  3 orc priests
  Crazy Yiuf (D:4)
  A sleepcap (D:8)
  Jessica (D:3)
  3 iguanas
  8 orc wizards
  Robin (D:4)
  16 gnolls
  10 adders
  A white imp (D:6)
  3 dart slugs
  A ribbon worm (D:2)
  28 orcs
  7 ball pythons
  4 endoplasms
  5 giant cockroaches (D:3)
  9 hobgoblins
  4 jackals (D:3)
  11 kobolds
  2 quokkas
  2 bats
  5 frilled lizards
  15 goblins
  A rat (D:2)
259 creatures vanquished.

Vanquished Creatures (others)
  A starspawn tentacle (Abyss:2)
1 creature vanquished.

Grand Total: 260 creatures vanquished

Notes
Turn   | Place    | Note
-------+----------+-------------------------------------------
     0 | D:1      | BubbleThief the Troll Fighter began the quest for the Orb.
     0 | D:1      | Reached XP level 1. HP: 22/22 MP: 0/0
   161 | D:1      | Reached XP level 2. HP: 24/29 MP: 1/1
   365 | D:1      | Reached skill level 3 in Unarmed Combat
   432 | D:1      | Found a faded altar of an unknown god.
   835 | D:2      | Reached XP level 3. HP: 34/36 MP: 2/2
  1083 | D:2      | Reached skill level 4 in Unarmed Combat
  1086 | D:2      | Noticed Sigmund
  1155 | D:3      | Reached XP level 4. HP: 44/44 MP: 3/3
  1336 | D:3      | Reached skill level 5 in Unarmed Combat
  1336 | D:3      | Reached XP level 5. HP: 50/50 MP: 4/4
  1362 | D:3      | Noticed Jessica
  1374 | D:3      | Killed Jessica
  1523 | D:3      | Noticed a water moccasin
  1535 | D:3      | Killed a water moccasin
  1536 | D:3      | Reached skill level 6 in Unarmed Combat
  1536 | D:3      | Reached XP level 6. HP: 55/59 MP: 5/5
  1844 | D:4      | Found a broken altar of Ashenzari.
  1847 | D:4      | Noticed Robin
  1897 | D:4      | Noticed Duvessa
  1897 | D:4      | Noticed Dowan
  1928 | D:4      | Killed Duvessa
  1929 | D:4      | Reached skill level 7 in Unarmed Combat
  1944 | D:4      | Killed Dowan
  2077 | D:4      | Reached skill level 8 in Unarmed Combat
  2077 | D:4      | Reached XP level 7. HP: 66/66 MP: 6/6
  2085 | D:4      | Killed Robin
  2195 | D:4      | Noticed Edmund
  2208 | D:4      | Killed Edmund
  2213 | D:4      | Reached XP level 8. HP: 15/78 MP: 7/7
  2348 | D:4      | Reached skill level 9 in Unarmed Combat
  2509 | D:4      | Found a runed translucent door.
  2510 | D:4      | Noticed Crazy Yiuf
  2518 | D:4      | Killed Crazy Yiuf
  2582 | D:5      | Entered Level 5 of the Dungeon
  2633 | D:5      | Found a large runed translucent door.
  2633 | D:5      | Found a large runed translucent door.
  3054 | D:5      | Reached skill level 5 in Fighting
  3297 | D:5      | Reached skill level 10 in Unarmed Combat
  3371 | D:5      | Found an ornate altar of the Wu Jian Council.
  3376 | D:5      | Became a worshipper of the Wu Jian Council
  3381 | D:5      | Found a glowing silver altar of Zin.
  3401 | D:5      | Found a shimmering altar of Xom.
  3506 | D:2      | Killed Sigmund
  3507 | D:2      | Reached XP level 9. HP: 77/89 MP: 8/8
  3719 | D:6      | Found a staircase to the Ecumenical Temple.
  4002 | D:6      | Reached * piety under Wu Jian
  4132 | D:6      | Reached skill level 11 in Unarmed Combat
  4744 | D:7      | Found a runed translucent gate.
  4745 | D:7      | Found a runed translucent gate.
  4746 | D:7      | Noticed lyndar's ghost (novice FoFi)
  4747 | D:7      | Found a runed translucent gate.
  4955 | D:7      | Noticed Menkaure
  4969 | D:7      | Killed Menkaure
  5091 | D:7      | Noticed Maurice
  5112 | D:7      | Something stole 255 gold
  5113 | D:7      | Something stole 4 curare-tipped darts
  5116 | D:7      | Something stole 187 gold
  5123 | D:7      | Killed Maurice
  5124 | D:7      | Reached XP level 10. HP: 32/104 MP: 1/9
  5228 | D:7      | Found a shimmering blue altar of Sif Muna.
  5502 | D:7      | Reached ** piety under Wu Jian
  5752 | D:8      | Reached skill level 12 in Unarmed Combat
  6431 | D:9      | Noticed a boulder beetle
  6442 | D:9      | Killed a boulder beetle
  6795 | D:9      | Noticed a meliai
  6801 | D:9      | Killed a meliai
  6856 | D:9      | Noticed a two-headed ogre
  6863 | D:9      | Killed a two-headed ogre
  6863 | D:9      | Noticed a cyclops
  6864 | D:9      | Reached skill level 13 in Unarmed Combat
  6874 | D:9      | Killed a cyclops
  6931 | D:9      | Reached *** piety under Wu Jian
  7125 | D:10     | Entered Level 10 of the Dungeon
  7293 | D:10     | Reached XP level 11. HP: 112/115 MP: 10/10
  7588 | D:10     | Noticed a two-headed ogre
  7591 | D:10     | Killed a two-headed ogre
  7655 | D:10     | Identified the +1 robe of a Labyrinth {Harm rC+ Dex-3}
  7878 | D:11     | Noticed a two-headed ogre
  7885 | D:11     | Reached skill level 10 in Fighting
  7888 | D:11     | Killed a two-headed ogre
  7923 | D:11     | Reached skill level 14 in Unarmed Combat
  7940 | D:11     | Found a staircase to the Orcish Mines.
  8004 | D:11     | Noticed a two-headed ogre
  8011 | D:11     | Killed a two-headed ogre
  8226 | D:11     | Noticed a soul eater
  8436 | D:11     | Found a staircase to the Lair.
  8550 | D:11     | Noticed a two-headed ogre
  8557 | D:11     | Killed a two-headed ogre
  8765 | Lair:1   | Entered Level 1 of the Lair of Beasts
  8765 | Lair:1   | Noticed Fannar
  8774 | D:11     | Reached **** piety under Wu Jian
  8775 | D:11     | Reached XP level 12. HP: 127/130 MP: 11/11
  8786 | D:11     | Killed Fannar
  8787 | D:11     | Reached skill level 15 in Unarmed Combat
  8831 | Lair:1   | Found a transporter.
  8875 | Lair:1   | Noticed Sonja
  8890 | Abyss:2  | Cast into level 2 of the Abyss (Sonja)
  8941 | Abyss:2  | Noticed a starcursed mass
  8959 | Abyss:2  | Killed a starcursed mass
  8961 | Abyss:2  | Killed a starcursed mass
  9000 | Abyss:2  | Noticed a tentacled starspawn
  9013 | Abyss:2  | Demolished by a tentacled starspawn

Illustrated notes

Levels and vault maps discovered:
D:1:      dpeg_arrival_rooms_c, layout_basic, chequers_ecumenical_altar_island
D:2:      wander_river, layout_rooms, st_stairs_14, kennysheep_crisscross,
          eino_tiny_chamber, minmay_tiny_reverse_x, uniq_sigmund
D:3:      layout_basic, uniq_jessica
D:4:      layout_rooms, ashenzari_altar_1, minmay_manual_mares, uniq_robin,
          uniq_duvessa, uniq_crazy_yiuf_cottage, uniq_edmund
D:5:      due_chaos_kobolds, layout_loops_ring, jmf_multi_god_temple2,
          nicolae_nh_ransacked_shop
D:6:      hangedman_cross_stitches, layout_cave_pods
D:7:      layout_basic, mainiacjoe_overflow_boulevard, gammafunk_ghost_split,
          uniq_menkaure, uniq_maurice
D:8:      layout_loops_ring, minmay_misc_feat_nine_boxes
D:9:      kennysheep_blocky_room, layout_loops_ring, nzn_sisyphean_effort
D:10:     layout_small_grid, minmay_curled_crystal, minivault_25_ag
D:11:     kennysheep_six_static_rooms, layout_loops_ring, lair_entry_dummy,
          minmay_increasing_density
Lair:1:   gammafunk_worm_tunnel, layout_chaotic_city, beast_lair_carwin_9,
          uniq_maggie, uniq_fannar, uniq_sonja
Abyss:2:  base:
Lair:1

Skill      XL: |  1  2  3  4  5  6  7  8  9 10 11 12 |
---------------+-------------------------------------+-----
Unarmed Combat | 3 4 5 6 8 10 11 13 14 15 | 15.2
Fighting       | 4 5 7 9 11 | 11.5
Dodging        | |  2.4
Shields        | |  2.6

Action                     |  1- 3 |  4- 6 |  7- 9 | 10-12 || total
---------------------------+-------+-------+-------+-------++-------
  Melee: Unarmed           |    69 |   151 |   265 |   305 ||   790
  Throw: Dart              |       |       |       |     2 ||     2
         Large rock        |       |       |       |     1 ||     1
Ability: Lunge             |       |       |    14 |    20 ||    34
         Whirlwind         |       |       |       |     2 ||     2
    Use: Potion            |       |       |     1 |       ||     1
         Scroll            |       |       |       |    16 ||    16
   Stab: Sleeping          |     1 |       |     2 |       ||     3
 Armour: Robe              |    40 |    98 |   148 |    80 ||   366
         Skin              |       |    15 |       |       ||    15
         Troll leather arm |       |       |       |    63 ||    63
  Dodge: Dodged            |    15 |    88 |   111 |   179 ||   393
  Block: Kite shield       |    31 |    61 |   100 |   101 ||   293

Table legend: (Time is in decaauts)
 A = Elapsed time spent in this place.
 B = Non-inter-level travel time spent in this place.
 C = Inter-level travel time spent in this place.
 D = Time resting spent in this place.
 E = Time spent auto-exploring this place.
 F = Levels seen in this place.
 G = Mean time per level.
                   A        B        C        D        E       F      G
               +--------+--------+--------+--------+--------+-----+--------+
         Total |   8980 |   8556 |    424 |     51 |   6730 |  13 |  690.8 |
       Dungeon |   8750 |   8326 |    424 |     42 |   6630 |  11 |  795.5 |
          Lair |    103 |    103 |      0 |      4 |     55 |   1 |  103.0 |
         Abyss |    126 |    126 |      0 |      5 |     45 |   1 |  126.0 |
               +--------+--------+--------+--------+--------+-----+--------+

Top non-repeatable levels by time:
     D:7: 1079 daAuts
    D:11: 946 daAuts
     D:6: 896 daAuts
     D:3: 849 daAuts
     D:5: 846 daAuts
     D:9: 814 daAuts
     D:4: 723 daAuts
     D:1: 716 daAuts
    D:10: 696 daAuts
     D:8: 604 daAuts
     D:2: 578 daAuts
 Abyss:2: 126 daAuts
  Lair:1: 103 daAuts
